 Dungeon Crawl Stone Soup version 0.32-a0-612-g1c984fe9d1 (webtiles) character file.

Game seed: 15685704802691813601

940 hipposaver the Ducker (level 8, -11/58 HPs)
             Began as a Djinni Conjurer on Mar 4, 2024.
             Mangled by an ice beast (18 damage)
             ... on level 5 of the Dungeon on Mar 5, 2024.
             The game lasted 00:15:43 (4585 turns).

hipposaver the Ducker (Djinni Conjurer)             Turns: 4585, Time: 00:15:44

Health: -11/58     AC:  3    Str:  6    XL:     8   Next: 34%
Gold:   344        EV: 14    Int: 20    God:
                   SH:  0    Dex: 14

rFire   + + .        (no weapon)
rCold   x . .        (no shield)
rNeg    . . .        a - +1 robe
rPois   ∞            (no helmet)
rElec   .            (no cloak)
rCorr   .            (no gloves)
SInv    .            (boots unavailable)
Will    .....        (no amulet)
Stlth   ++           (no ring)
HPRegen 0.29/turn    (no ring)
MPRegen 0.00/turn

%: infuse magic (-12 HP)
@: flying
A: sickness immunity, fire resistance 2, cold vulnerability 1, float, innate
caster, HP casting, extra vitality 1
a: Convert to Beogh


You were on level 5 of the Dungeon.
You visited 1 branch of the dungeon, and saw 5 of its levels.

You collected 344 gold pieces.

Inventory:

Armour
 a - a +1 robe (worn)
Wands
 j - a wand of roots (4)
 k - a wand of flame (10)
Scrolls
 b - a scroll of poison
 d - a scroll of enchant armour
Potions
 c - 2 potions of invisibility
 e - a potion of lignification {unknown}
 f - a potion of resistance
 g - 2 potions of curing {unknown}
 h - 2 potions of ambrosia


   Skills:
 + Level 4.3 Fighting
 + Level 4.3 Armour
 + Level 5.3 Dodging
 - Level 1.5 Stealth
 + Level 4.9 Spellcasting
 + Level 4.9 Conjurations
 + Level 4.9 Hexes
 + Level 4.9 Summonings
 + Level 4.9 Necromancy
 + Level 4.9 Translocations
 + Level 4.9 Fire Magic
 + Level 4.9 Ice Magic
 + Level 4.9 Air Magic
 + Level 4.9 Earth Magic
 + Level 4.9 Alchemy


You knew the following spells:

 Your Spells              Type           Power      Damage    Failure   Level
a - Magic Dart            Conj           96%        1d7       1%          1
b - Searing Ray           Conj           48%        2d6       2%          2
c - Fulminant Prism       Conj/Alch      12%        3d9       16%         4
d - Iskenderun's Mystic   Conj/Tloc      24%        2d7       16%         4
e - Sandblast             Erth           48%        2d12      1%          1
f - Jinxbite              Hex            48%        N/A       2%          2
g - Scorch                Fire           48%        2d7       2%          2
Your spell library was empty.

Dungeon Overview and Level Annotations

Branches:
Dungeon (5/15)
 Temple: D:4-7

Altars:
Nemelex Xobeh
Xom


Innate Abilities, Weirdness & Mutations

You are immune to sickness and miasma.
You are immune to poison.
Your flesh is very heat resistant. (rF++)
You are vulnerable to cold. (rC-)
You float through the air rather than walking.
You learn spells naturally, not from books.
Your magical power is your life essence.
You have superior vitality. (+4 MHP)


Message History

Unknown command.
Unknown command.
The searing ray misses the ice beast.
The searing ray hits the gnoll!
The gnoll is almost dead.
The searing ray hits the orc.
The orc is heavily wounded.
The gnoll barely misses you.
The ice beast hits you but does no damage.
The searing ray hits the ice beast.
The ice beast is severely wounded.
The searing ray hits the gnoll.
You kill the gnoll!
The searing ray hits the orc.
You kill the orc!
The searing ray hits the orc priest.
The orc priest is lightly wounded.
The ice beast completely misses you.
The searing ray hits the ice beast.
The ice beast is severely wounded.
The searing ray misses the orc priest.
The searing ray hits the gnoll.
The gnoll is lightly wounded.
You finish channelling your searing ray.
An ice beast comes into view.
The ice beast hits you. The ice beast freezes you!
You feel a terrible chill!
The orc priest begins to cast a cantrip, but forgets the words!
Unknown command.
Unknown command.
Unknown command.
Unknown command.
The gnoll is no longer moving quickly.
Your attacks no longer feel as feeble.
The ice beast attacks as it pursues you!
The ice beast hits you. The ice beast freezes you!
You feel a terrible chill!
* * * LOW HITPOINT WARNING * * *
The air fills with toxic fumes!
As you read the scroll of poison, it crumbles to dust.
The ice beast hits you.
* * * LOW HITPOINT WARNING * * *
The ice beast freezes you!!
You feel a terrible chill!
You die...

#.# #.# #.# ###.###
#.....# #.###.#######
#.#######.# #.§§§§§.#
....§§g§o§###§§§§##.#
..##.####§Y@§§§§§§#.#
########§§#.########
#..#.:......>
#..########## #..#
#..##########
#............
########. #.


You could see an ice beast, an orc priest and a gnoll.

Vanquished Creatures
  Prince Ribbit (D:5)
  Sigmund (D:3)
  An ogre (D:5)
  A jelly (D:4)
  2 hounds
  A gnoll bouda (D:5)
  Ijyb (D:3)
  3 adders
  12 gnolls
  3 dart slugs (D:3)
  A ribbon worm (D:2)
  11 orcs
  13 ball pythons
  7 endoplasms
  4 giant cockroaches (D:3)
  47 goblins
  28 hobgoblins
  9 jackals
  8 kobolds
  2 quokkas (D:3)
  7 bats
  3 frilled lizards
  4 rats
170 creatures vanquished.

Vanquished Creatures (others)
  A kobold (D:3)
1 creature vanquished.

Grand Total: 171 creatures vanquished

Notes
Turn   | Place    | Note
-------+----------+-------------------------------------------
     0 | D:1      | hipposaver the Djinni Conjurer began the quest for the Orb.
     0 | D:1      | hipposaver set off with the following spells memorised:
                  | Magic Dart, Searing Ray, Fulminant Prism, Iskenderun's
                  | Mystic Blast.
     0 | D:1      | Reached XP level 1. HP: 15/15 MP: 0/0
    36 | D:1      | Reached XP level 2. HP: 15/21 MP: 0/0
   346 | D:1      | Reached XP level 3. HP: 25/26 MP: 0/0
   346 | D:1      | Learned a level 1 spell: Sandblast
   417 | D:1      | Reached skill level 1 in Fighting
   417 | D:1      | Reached skill level 1 in Armour
   771 | D:2      | Found a faded altar of an unknown god.
  1018 | D:2      | Reached XP level 4. HP: 29/32 MP: 0/0
  1156 | D:2      | You are sucked into a shaft and drop 2 floors!
  1250 | D:4      | Reached skill level 3 in Dodging
  1379 | D:4      | Found a sparkling altar of Nemelex Xobeh.
  1864 | D:3      | Noticed Ijyb
  1875 | D:3      | Killed Ijyb
  1876 | D:3      | Reached XP level 5. HP: 4/38 MP: 0/0
  1876 | D:3      | Learned a level 2 spell: Jinxbite
  2230 | D:3      | Noticed Sigmund
  2238 | D:3      | Killed Sigmund
  2239 | D:3      | Reached skill level 4 in Dodging
  2239 | D:3      | Reached XP level 6. HP: 41/45 MP: 0/0
  2565 | D:3      | Reached XP level 7. HP: 42/50 MP: 0/0
  2565 | D:3      | Learned a level 2 spell: Scorch
  3043 | D:3      | Upgraded the game from 0.32-a0-607-g64ea0e4219 to
                  | 0.32-a0-612-g1c984fe9d1
  3216 | D:3      | Found a shimmering altar of Xom.
  4075 | D:5      | Entered Level 5 of the Dungeon
  4201 | D:5      | Noticed Prince Ribbit
  4378 | D:5      | Killed Prince Ribbit
  4379 | D:5      | Reached skill level 5 in Dodging
  4379 | D:5      | Reached XP level 8. HP: 33/58 MP: 0/0
  4585 | D:5      | Mangled by an ice beast

Illustrated notes

Levels and vault maps discovered:
D:1:      grunt_arrival_crossed_arrows, layout_rooms, minmay_distorted
D:2:      layout_rooms, basic_altar, ebering_ecumenical_altar_box,
          chequers_arboretum, minmay_indecisive_spiral
D:3:      minmay_goblin_kobold_castle, layout_basic, xom_confusion_cloud,
          minmay_pentangle, uniq_sigmund, uniq_ijyb
D:4:      layout_basic, nemelex_dance_club_becter
D:5:      layout_loops_ring, serial_bayou_lagoon_b, uniq_edmund,
          uniq_prince_ribbit1

Skill      XL: |  1  2  3  4  5  6  7 |
---------------+----------------------+-----
Fighting       | 1 2 3 4 |  4.3
Armour         | 1 2 3 4 |  4.3
Dodging        | 3 4 5 |  5.3
Spellcasting   | 4 |  4.9
Conjurations   | 4 |  4.9
Hexes          | 4 |  4.9
Summonings     | 4 |  4.9
Necromancy     | 4 |  4.9
Translocations | 4 |  4.9
Fire Magic     | 4 |  4.9
Ice Magic      | 4 |  4.9
Air Magic      | 4 |  4.9
Earth Magic    | 4 |  4.9
Alchemy        | 4 |  4.9
Stealth        | |  1.5

Action                     |  1- 3 |  4- 6 |  7- 9 || total
---------------------------+-------+-------+-------++-------
  Melee: Unarmed           |       |     1 |       ||     1
   Cast: Magic Dart        |    37 |    32 |    20 ||    89
         Searing Ray       |    19 |    29 |    13 ||    61
         Sandblast         |       |    14 |    29 ||    43
         Iskenderun's Myst |       |     1 |       ||     1
         Jinxbite          |       |     1 |       ||     1
         Scorch            |       |       |    10 ||    10
    Use: Scroll            |     4 |       |     7 ||    11
 Armour: Robe              |     3 |    43 |    34 ||    80
  Dodge: Dodged            |     4 |    36 |    35 ||    75

Table legend: (Time is in decaauts)
 A = Elapsed time spent in this place.
 B = Non-inter-level travel time spent in this place.
 C = Inter-level travel time spent in this place.
 D = Time resting spent in this place.
 E = Time spent auto-exploring this place.
 F = Levels seen in this place.
 G = Mean time per level.
                   A        B        C        D        E       F      G
               +--------+--------+--------+--------+--------+-----+--------+
         Total |   4612 |   4481 |    131 |   1178 |   2611 |   5 |  922.4 |
       Dungeon |   4612 |   4481 |    131 |   1178 |   2611 |   5 |  922.4 |
               +--------+--------+--------+--------+--------+-----+--------+

Top non-repeatable levels by time:
     D:3: 2305 daAuts
     D:4: 795 daAuts
     D:1: 650 daAuts
     D:2: 622 daAuts
     D:5: 239 daAuts
